 Dungeon Crawl Stone Soup version 0.26-a0-1205-g4083c211ab (webtiles) character file.

Game seed: 7042628301054407426

2883 CurlyBrace the Covert (level 9, 0/49 HPs)
             Began as a Felid Delver on Dec 29, 2020.
             Was a High Priest of Cheibriados.
             Slain by a polar bear (16 damage)
             ... in an ice cave.
             The game lasted 00:41:14 (3021 turns).

CurlyBrace the Covert (Felid Delver)                Turns: 3021, Time: 00:41:15

Health: 0/49       AC:  2    Str: 22    XL:     9   Next: 48%
Magic:  13/13      EV: 31    Int: 26    God:    Cheibriados [*****.]
Gold:   360        SH:  0    Dex: 31    Spells: 6/14 levels left
                                        Lives:  0   Deaths: 2

rFire    . . .     SeeInvis +     - Unarmed
rCold    . . .     Faith    .   (shield unavailable)
rNeg     . . .     Spirit   .   (armour unavailable)
rPois    .         Reflect  .   (helmet unavailable)
rElec    .         Harm     .   (cloak unavailable)
rCorr    .         Rampage  .   (gloves unavailable)
Will     +....                  (boots unavailable)
Stlth    ++++++....             (no amulet)
HPRegen  0.16/turn              b - ring of flight
MPRegen  0.13/turn              (no ring)

@: very slow
A: very small, no armour, no weapons or thrown items, stealth, claws 1, fangs 3,
see invisible, speed 1, low mp 1, robust 1, shaggy fur 2, strong 1, subdued
magic 1, sharp paws
a: Renounce Religion, Evoke Flight, Bend Time, Temporal Distortion, Slouch, Step
From Time


You were in an ice cave.
You worshipped Cheibriados.
Cheibriados was extremely pleased with you.
You visited 3 branches of the dungeon, and saw 12 of its levels.
You also visited: Sewer and Ice Cave.

You collected 360 gold pieces.

Inventory:

Jewellery
 b - a ring of flight (left paw)
   (You found it on level 4 of the Dungeon)
Wands
 i - a wand of flame (14)
   (You found it on level 3 of the Dungeon)
 j - a wand of acid (4)
   (You found it on level 3 of the Dungeon)
 o - a wand of paralysis (2)
   (You found it on level 6 of the Dungeon)
 s - a wand of random effects (8)
   (You found it on level 6 of the Dungeon)
 v - a wand of digging (6)
Scrolls
 a - 2 scrolls of fog
 c - 3 scrolls of fear
 t - a scroll of teleportation
 x - 6 scrolls of remove curse
Potions
 d - 2 potions of might
 f - a potion of attraction
 g - a potion of flight
 h - a potion of haste
 k - a potion of mutation
 l - a potion of magic
 m - 3 potions of brilliance
 n - a potion of resistance
 q - a potion of curing
 w - a potion of heal wounds


   Skills:
 * Level 9.1 Fighting
 + Level 9.7 Dodging
 + Level 9.8 Stealth
 * Level 9.1 Unarmed Combat
 + Level 3.1 Spellcasting
 - Level 3.0 Transmutations
 - Level 2.0 Ice Magic
 - Level 4.0 Invocations
 - Level 4.0 Evocations


You had 6 spell levels left.
You knew the following spells:

 Your Spells              Type           Power        Failure   Level
a - Beastly Appendage     Tmut           30%          1%          1
b - Spider Form           Tmut/Pois      4%           13%         3
c - Ice Form              Ice/Tmut       13%          28%         4

Your spell library contained the following spells:

 Spells                   Type           Power        Failure   Level
 Wereblood                Tmut           15%          3%          2
 Blade Hands              Tmut           7%           54%         5


Dungeon Overview and Level Annotations

Branches:
Dungeon (9/15)             Temple (1/1) D:4            Lair (2/6) D:8
  Sewer (visited)           IceCv (1/1)
  Swamp: Lair:2-4    Shoals: Lair:2-4     Snake: Lair:2-4    Spider: Lair:2-4
    Orc: D:9-12

Altars:
Ashenzari
Cheibriados
Dithmenos
Elyvilon
Fedhas
Okawaru
Qazlal
Ru
Sif Muna
Uskayaw
Vehumet
Wu Jian
Yredelemnul

Shops:
D:4 (

Annotations:
IceCv exclusions: frost giant and ice statue


Innate Abilities, Weirdness & Mutations

You cannot wear armour.
You are incapable of wielding weapons or throwing items.
Your paws allow you to move quietly. (Stealth)
You have sharp claws.
You have razor-sharp teeth.
You have supernaturally acute eyesight. (SInv)
You cover ground quickly.
You are covered in thick fur. (AC +2)
Your sharp claws are effective at attacking unaware monsters.
Your magical capacity is low. (-10% MP)
You are robust. (+10% HP)
Your muscles are strong. (Str +2)
Your spells are a little easier to cast, but a little less powerful.


Message History

You claw the polar bear.
The polar bear is heavily wounded.
The polar bear misses you. x2; The polar bear completely misses you.
You scratch the polar bear but do no damage.
You bite the polar bear.
The polar bear is severely wounded.
The polar bear misses you. x2; The polar bear closely misses you.
You claw the polar bear!
The polar bear is almost dead.
The polar bear goes berserk!
You scratch the polar bear.
The polar bear is almost dead.
The polar bear misses you.
The polar bear completely misses you. x2
Evoke which item? (* to show all) (? for menu, Esc to quit)
Aiming: Throw Flame
Press: ? - help, Shift-Dir - straight line, f - polar bear
Aim: a polar bear (almost dead, berserk, 21% to evade)
The puff of flame misses the polar bear.
The polar bear bites you!
You die...

.# #.## #.......## ## #..#
##........# ### #
##.###........## ######.. #
#..##.....#...### ##..##...
##.....○##......###........
##.....##....÷÷÷#.......∩.
##...###....##÷...##.....
#8.###.h..####..#####...
##.# #.@...###### ##.. ###
#....##≈≈#≈ ### ##...##≈≈≈≈
#...##≈≈### #..#.≈≈##.##
##.#.≈##...##
##..##..#..###
#.#...###...## #....##
###÷.####


You could see a polar bear (berserk).

Vanquished Creatures
  Harold (D:8)
  Pikel (D:6)
  A black mamba (Lair:1)
  11 polar bears (IceCv)
  Sigmund (D:3)
  8 yaks
  A water moccasin (Lair:1)
  Duvessa (D:7)
  An orc warrior (D:7)
  A phantom (D:7)
  4 centaurs
  2 ogres
  9 wolves (IceCv)
  A lemure (D:6)
  A big kobold (Sewer)
  A bullfrog (Lair:2)
  Dowan (D:7)
  A scorpion (D:4)
  3 howler monkeys (D:7)
  2 bullfrog zombies (D:7)
  2 hounds
  3 orc priests
  A jelly (D:7)
  An orc wizard (D:6)
  A gnoll shaman (D:7)
  Jessica (D:3)
  4 worker ants (D:7)
  2 iguanas
  Robin (D:4)
  3 gnolls (D:7)
  5 adders
  2 river rats (Sewer)
  13 white imps
  3 ufetubi
  2 oozes
  2 adder zombies
  2 adder skeletons
  2 dart slugs
  3 leopard geckos
  12 orcs
  6 bats
  4 giant cockroaches
  15 goblins
  9 hobgoblins
  12 jackals
  6 frilled lizards
  10 kobolds
  13 rats
192 creatures vanquished.

Vanquished Creatures (others)
  3 plants
3 creatures vanquished.

Grand Total: 195 creatures vanquished

Notes
Turn   | Place    | Note
-------+----------+-------------------------------------------
     0 | D:5      | CurlyBrace the Felid Delver began the quest for the Orb.
     0 | D:5      | Reached XP level 1. HP: 10/10 MP: 2/2
    28 | D:4      | Found a staircase to the Ecumenical Temple.
    37 | Temple   | Entered the Ecumenical Temple
    68 | Temple   | Became a worshipper of Cheibriados the Contemplative
   104 | D:4      | Found Xuonir's Weapon Boutique.
   131 | D:3      | Reached XP level 2. HP: 14/14 MP: 3/3
   137 | D:3      | Learned a level 1 spell: Beastly Appendage
   152 | D:3      | Noticed Jessica
   156 | D:3      | Noticed Sigmund
   169 | D:3      | Found a white marble altar of Elyvilon.
   382 | D:1      | Reached * piety under Cheibriados
   465 | D:1      | Reached XP level 3. HP: 17/17 MP: 4/4
   613 | D:1      | Reached skill level 1 in Transmutations
   753 | D:2      | Reached skill level 1 in Spellcasting
   756 | D:2      | Reached ** piety under Cheibriados
   916 | D:2      | Found a stormy altar of Qazlal.
   917 | D:2      | Noticed a water elemental
   918 | D:2      | Noticed an air elemental
  1025 | D:3      | Reached XP level 4. HP: 21/21 MP: 6/6
  1168 | D:3      | Killed Sigmund
  1169 | D:3      | Reached XP level 5. HP: 25/25 MP: 5/7
  1182 | D:3      | Killed Jessica
  1236 | D:4      | Noticed Robin
  1246 | D:4      | Killed Robin
  1247 | D:4      | Gained mutation: You are covered in thick fur. (AC +2)
                  | [Felid growth]
  1247 | D:4      | Reached XP level 6. HP: 23/28 MP: 6/8
  1260 | D:4      | Reached *** piety under Cheibriados
  1448 | D:5      | Reached skill level 5 in Fighting
  1508 | D:6      | Found a glowing drain.
  1513 | D:6      | Reached skill level 5 in Unarmed Combat
  1515 | Sewer    | Entered a sewer
  1530 | Sewer    | Reached XP level 7. HP: 33/33 MP: 7/9
  1602 | Sewer    | Found a white marble altar of Elyvilon.
  1671 | D:6      | Reached skill level 5 in Dodging
  1689 | D:7      | Reached **** piety under Cheibriados
  1912 | D:6      | Noticed Pikel
  1922 | D:6      | Killed Pikel
  1923 | D:6      | Reached skill level 1 in Invocations
  1923 | D:6      | Reached skill level 1 in Evocations
  1923 | D:6      | Reached XP level 8. HP: 16/39 MP: 10/10
  2050 | D:7      | Noticed Dowan
  2058 | D:7      | Noticed Duvessa
  2084 | D:7      | Killed Duvessa
  2087 | D:7      | Killed Dowan
  2149 | D:7      | Reached XP level 9. HP: 32/43 MP: 12/12
  2174 | D:7      | Learned a level 3 spell: Spider Form
  2187 | D:7      | Reached ***** piety under Cheibriados
  2300 | D:7      | Learned a level 4 spell: Ice Form
  2548 | D:8      | Noticed Harold
  2551 | D:8      | Killed Harold
  2575 | D:8      | Found a staircase to the Lair.
  2580 | Lair:1   | Entered Level 1 of the Lair of Beasts
  2599 | Lair:1   | Noticed a black mamba
  2603 | Lair:1   | Killed a black mamba
  2634 | Lair:1   | Found a frozen archway.
  2655 | Lair:1   | Reached XP level 10. HP: 22/48 MP: 8/15
  2664 | Lair:1   | Killed from afar by a white imp
  2665 | Lair:1   | Reached XP level 9. HP: -6/67 MP: 5/14
  2729 | IceCv    | Entered an ice cave
  2729 | IceCv    | Noticed a polar bear
  2729 | IceCv    | Noticed a polar bear
  2743 | IceCv    | Killed a polar bear
  2747 | IceCv    | Killed a polar bear
  2760 | IceCv    | Noticed a polar bear
  2761 | IceCv    | Noticed a polar bear
  2763 | IceCv    | Noticed a polar bear
  2764 | IceCv    | Noticed a polar bear
  2767 | IceCv    | Noticed a polar bear
  2768 | IceCv    | Killed a polar bear
  2769 | IceCv    | Killed a polar bear
  2769 | IceCv    | Killed a polar bear
  2773 | IceCv    | Killed a polar bear
  2774 | IceCv    | Reached XP level 10. HP: 11/49 MP: 8/15
  2777 | IceCv    | Reached skill level 1 in Ice Magic
  2782 | IceCv    | Noticed an ice statue
  2864 | IceCv    | Noticed a frost giant
  2903 | IceCv    | Gained mutation: Your muscles are strong. (Str +2) [potion
                  | of mutation]
  2903 | IceCv    | Gained mutation: Your spells are a little easier to cast,
                  | but a little less powerful. [potion of mutation]
  2903 | IceCv    | Gained mutation: Your magical capacity is low. (-10% MP)
                  | [potion of mutation]
  2903 | IceCv    | Gained mutation: You are robust. (+10% HP) [potion of
                  | mutation]
  2956 | IceCv    | HP: 2/53 [polar bear (13)]
  2956 | IceCv    | Slain by a polar bear
  2957 | IceCv    | Reached XP level 9. HP: 0/49 MP: 13/13
  2964 | IceCv    | Noticed a polar bear
  2964 | IceCv    | Noticed a polar bear
  3021 | IceCv    | Slain by a polar bear

Illustrated notes

Levels and vault maps discovered:
D:1:      mushboom_english_gardens, layout_basic
D:2:      layout_rooms, nicolae_qazlal_style_of_elements
D:3:      layout_basic, lemuel_doored_altar, ebering_dispersal_statue_hall,
          st_stairs_9, uniq_jessica, uniq_sigmund
D:4:      layout_loops_corners, temple_fountains, serial_shops, shop,
          uniq_robin, uniq_eustachio, uniq_natasha
D:5:      layout_cave_pools, serial_shops, shop
D:6:      layout_rooms, portal_sewer_entry_d, nrook_mini_backslash, uniq_pikel
D:7:      layout_gridville, uniq_duvessa
D:8:      layout_loops_corners, lair_entry_dummy, serial_shops,
          nicolae_shop_competitors_out_of_business, minivault_25,
          hangedman_decor_riveting, fedhas_ov_isle_minmay, uniq_harold
D:9:      layout_loops_ring, grunt_decor_one_mirror
Temple:   kilobyte_greek_temple
Lair:1:   layout_long_grid, portal_ice_cave_entry_imps, lemuel_old_faithful,
          grunt_megastairs_1, lemuel_fruit_fields, serial_bayou_shore_b
Lair:2:   layout_cave_pods, minmay_swamp_entry_eels,
          minmay_snake_entry_guardpost_small
IceCv:    ice_cave_small_giant

Skill      XL: |  1  2  3  4  5  6  7  8  9 10 |
---------------+-------------------------------+-----
Dodging        | 3 4 6 7 9 |  9.7
Stealth        | 7 9 |  9.8
Transmutations | 1 3 |  3.0
Unarmed Combat | 3 4 5 6 7 9 |  9.1
Spellcasting   | 1 3 |  3.1
Fighting       | 4 5 6 7 9 |  9.1
Invocations    | 1 3 4 |  4.0
Evocations     | 1 3 4 |  4.0
Ice Magic      | 2 |  2.0

Action                   |  1- 3 |  4- 6 |  7- 9 | 10-12 || total
-------------------------+-------+-------+-------+-------++-------
Melee: Unarmed           |   105 |    61 |   208 |    47 ||   421
       Bite              |     7 |     4 |    34 |     6 ||    51
       Punch             |     4 |     1 |     7 |     2 ||    14
       Headbutt          |       |    12 |    26 |     2 ||    40
 Cast: Beastly Appendage |     2 |     8 |    19 |     2 ||    31
       Spider Form       |       |       |     7 |     2 ||     9
Invok: Slouch            |       |       |     2 |     1 ||     3
Evoke: Wand              |       |     2 |    26 |     3 ||    31
  Use: Scroll            |     4 |     4 |     7 |       ||    15
       Potion            |     1 |     2 |     8 |     6 ||    17
 Stab: Sleeping          |    19 |     7 |     7 |     6 ||    39
       Paralysed         |       |       |     2 |       ||     2
Armor: Skin              |     3 |     3 |     4 |     7 ||    17
Dodge: Dodged            |    68 |    48 |   249 |    76 ||   441

Table legend: (Time is in decaauts)
 A = Elapsed time spent in this place.
 B = Non-inter-level travel time spent in this place.
 C = Inter-level travel time spent in this place.
 D = Time resting spent in this place.
 E = Time spent auto-exploring this place.
 F = Levels seen in this place.
 G = Mean time per level.
                   A        B        C        D        E       F      G
               +--------+--------+--------+--------+--------+-----+--------+
         Total |   3900 |   3791 |    109 |      0 |      0 |  14 |  278.6 |
       Dungeon |   3033 |   2955 |     78 |      0 |      0 |   9 |  337.0 |
        Temple |     58 |     27 |     31 |      0 |      0 |   1 |   58.0 |
          Lair |    214 |    214 |      0 |      0 |      0 |   2 |  107.0 |
         Sewer |    186 |    186 |      0 |      0 |      0 |   1 |  186.0 |
      Ice Cave |    408 |    408 |      0 |      0 |      0 |   1 |  408.0 |
               +--------+--------+--------+--------+--------+-----+--------+

Top non-repeatable levels by time:
     D:7: 761 daAuts
     D:1: 525 daAuts
     D:6: 422 daAuts
     D:3: 418 daAuts
   IceCv: 408 daAuts
     D:2: 318 daAuts
     D:4: 306 daAuts
  Lair:1: 209 daAuts
   Sewer: 186 daAuts
     D:8: 166 daAuts
     D:5: 113 daAuts
  Temple: 58 daAuts
  Lair:2: 5 daAuts
     D:9: 1 daAuts
